 Dungeon Crawl Stone Soup version 0.31-a0-408-gb642c7f9a3 (webtiles) character file.

Game seed: 15744725127309248085

805 RepHenryClay the Reanimator (level 7, -1/46 HPs)
             Began as a Mummy Necromancer on July 29, 2023.
             Slain by an orc warrior
             ... wielding a +0 battleaxe
              (7 damage)
             ... on level 5 of the Dungeon.
             The game lasted 00:11:39 (5337 turns).

RepHenryClay the Reanimator (Mummy Necromancer)     Turns: 5337, Time: 00:11:40

Health: -1/46      AC:  5    Str: 11    XL:     7   Next: 60%
Magic:  1/11       EV: 13    Int: 29    God:
Gold:   128        SH:  0    Dex: 12    Spells: 3/11 levels left

rFire   x . .        g - +2 dagger (drain)
rCold   + . .        (no shield)
rNeg    + + +        a - +0 robe
rPois   ∞            q - +0 helmet
rElec   .            (no cloak)
rCorr   .            h - +0 pair of gloves
SInv    .            l - +0 pair of boots
Will    .....        (no amulet)
Stlth   ++           m - +6 ring of intelligence
HPRegen 0.27/turn    s - +6 ring of intelligence
MPRegen 0.12/turn

%: faith
@: no status effects
A: cold resistance 1, negative energy resistance 3, torment resistance 2, heat
vulnerability 1, in touch with death 1, no potions, faith
a: no special abilities


You were on level 5 of the Dungeon.
You visited 1 branch of the dungeon, and saw 6 of its levels.
You also visited: Ossuary.

You collected 128 gold pieces.

Inventory:

Hand Weapons
 d - a +0 dagger of flaming
 f - a +1 vampiric war axe
 g - a +2 dagger of draining (weapon)
Armour
 a - a +0 robe (worn)
 h - a +0 pair of gloves (worn)
 l - a +0 pair of boots (worn)
 q - a +0 helmet (worn)
Jewellery
 m - a +6 ring of intelligence (left hand)
 s - a +6 ring of intelligence (right hand)
Scrolls
 b - 2 scrolls of blinking
 c - 4 scrolls of identify {@r1}
 e - a scroll of immolation
 i - a scroll of noise {unknown}
 j - a scroll of poison {unknown}
 k - a scroll of enchant weapon {unknown}
 n - 3 scrolls of fear {unknown}
 o - 4 scrolls of amnesia
 p - a scroll of revelation
 r - a scroll of fog


   Skills:
 + Level 3.8 Dodging
 - Level 1.7 Stealth
 - Level 2.6 Spellcasting
 - Level 8.4 Necromancy


You had 3 spell levels left.
You knew the following spells:

 Your Spells              Type           Power      Damage    Failure   Level
a - Necrotise             Necr           100%       1d9       1%          1
b - Vampiric Draining     Necr           68%        2d10      1%          3
c - Animate Dead          Necr           68%        N/A       2%          4

Your spell library contained the following spells:

 Spells                   Type           Power      Damage    Failure   Level
 Vhi's Electric Charge    Tloc/Air       6%         N/A       24%         3
 Agony                    Necr           68%        N/A       7%          5
 Arcjolt                  Conj/Air       1%         1d11      91%         5
 Plasma Beam              Fire/Air       1%         2x1d11    100%        6


Dungeon Overview and Level Annotations

Branches:
Dungeon (6/15)            Ossuary (visited)
 Temple: D:4-7

Altars:
Cheibriados

Annotations:
D:3 2 transporters, rocky1's ghost, weakling GnSh
D:4 2 runed translucent doors, Tollund's ghost, weakling FeSh
D:5 Grinder


Innate Abilities, Weirdness & Mutations

You are immune to poison.
Your flesh is cold resistant. (rC+)
You are immune to negative energy. (rN+++)
You are immune to unholy pain and torment.
You are vulnerable to heat. (rF-)
You are in touch with the powers of death.
You do not drink.
You have a special connection with the divine. (Faith)


Message History

There is a stone staircase leading down here.
You completely miss the orc warrior.
The orc warrior is lightly wounded.
Grinder blinks!
The orc warrior misses you.
The orc warrior attacks as you move away!
The orc warrior closely misses you.
The orc warrior attacks as you move away!
The orc warrior hits you with a +0 battleaxe!!
Huge Dmg: -39%(-18hp) hp: 42%(19hp)
Casting: Necrotise (safe; 1% risk of failure)
Confirm with . or Enter, or press ? or * to list all spells.
Aiming: Vampiric Draining (safe; 1% risk of failure)
Press: ? - help, Shift-Dir - straight line, f - orc warrior
Aim: an orc warrior, wielding a +0 battleaxe and wearing a +0 plate armour (lightly wounded)
You feel a surge of power!
You draw life force from the orc warrior!
You feel life coursing into your body.
The orc warrior hits you with a +0 battleaxe!!
* * * LOW HITPOINT WARNING * * *
Huge Dmg: -33%(-15hp) hp: 9%(4hp)
You completely miss the orc warrior.
The orc warrior is moderately wounded.
The orc warrior closely misses you.
You hit the orc warrior but do no damage.
The orc warrior is moderately wounded.
The orc warrior barely misses you.
You hit the orc warrior. You drain the orc warrior.
The orc warrior is heavily wounded.
The orc warrior closely misses you.
You hit the orc warrior but do no damage.
You drain the orc warrior.
The orc warrior is severely wounded.
The orc warrior barely misses you.
You hit the orc warrior but do no damage.
You drain the orc warrior.
The orc warrior is severely wounded.
The orc warrior closely misses you.
The orc warrior attacks as you move away!
The orc warrior hits you with a +0 battleaxe!
You die...

#........#
#############.######.#
#.............# #.#
#.################ #.# #.#
#...)...###.#
#.########.####.#.....
#........#.# #.#.##.#
##########.##.####.#.#...
.......@o5.##.#..#.#.####
##########>.##.#.##.#.....
..#...# #.....#....######
#.#.#5# ##...#############
#.#.#.# #...># #..........
#.#.#.# #.)#.# #.#########
#5#.#.# #..#.# #.# #.#5#<#
#).#.# #.# #.#.#.#
#.)#.###.#


You could see Grinder and an orc warrior (very drained).

Vanquished Creatures
  Sigmund (D:2)
  A black bear (D:5)
  2 water moccasin zombies (Ossuary)
  2 hounds
  Jessica (D:3)
  Natasha (thrice) (D:3)
  2 iguanas (D:4)
  5 gnolls
  5 adders
  7 adder zombies (Ossuary)
  A worm (D:3)
  12 orcs
  5 bats
  2 endoplasms
  6 giant cockroaches
  8 gnoll zombies (Ossuary)
  6 goblins
  5 hobgoblins
  4 jackals
  11 kobolds
  3 quokkas
  6 ball pythons
  2 frilled lizards
  3 hobgoblin zombies (Ossuary)
  5 kobold zombies (Ossuary)
  5 orc zombies (Ossuary)
  6 rats
119 creatures vanquished.

Vanquished Creatures (collateral kills)
  An ufetubus (D:4)
  A worm (D:4)
  A bat (D:1)
  A kobold (D:4)
4 creatures vanquished.

Grand Total: 123 creatures vanquished

Notes
Turn   | Place    | Note
-------+----------+-------------------------------------------
     0 | D:1      | RepHenryClay the Mummy Necromancer began the quest for the
                  | Orb.
     0 | D:1      | Reached XP level 1. HP: 13/13 MP: 4/4
   339 | D:1      | Reached XP level 2. HP: 19/19 MP: 2/5
   879 | D:1      | Gained mutation: You are in touch with the powers of death.
                  | [Mummy growth]
   879 | D:1      | Reached XP level 3. HP: 6/24 MP: 0/7
  1087 | D:1      | Reached skill level 5 in Necromancy
  1375 | D:2      | Noticed Sigmund
  1383 | D:2      | Killed Sigmund
  1384 | D:2      | Reached skill level 6 in Necromancy
  1384 | D:2      | Reached XP level 4. HP: 22/30 MP: 1/8
  1384 | D:2      | Reached XP level 5. HP: 26/35 MP: 1/9
  1402 | D:2      | Learned a level 3 spell: Vampiric Draining
  1407 | D:2      | Learned a level 4 spell: Animate Dead
  2374 | D:3      | Found a transporter.
  2380 | D:3      | Reached skill level 7 in Necromancy
  2453 | D:3      | Found a transporter.
  2457 | D:3      | Noticed rocky1's ghost (weakling GnSh)
  2673 | D:3      | Noticed Natasha
  2673 | D:3      | Noticed Jessica
  2679 | D:3      | Killed Natasha
  2683 | D:3      | Killed Jessica
  2684 | D:3      | Reached XP level 6. HP: 32/41 MP: 4/10
  2975 | D:3      | Found a snail-covered altar of Cheibriados.
  3206 | D:3      | Noticed Natasha
  3209 | D:3      | Killed Natasha
  3427 | D:3      | Noticed Natasha
  3432 | D:3      | Killed Natasha
  3575 | D:4      | Found a sand-covered staircase.
  3611 | Ossuary  | Entered an ossuary
  3689 | Ossuary  | Reached skill level 8 in Necromancy
  3923 | Ossuary  | Reached XP level 7. HP: 24/46 MP: 11/11
  4465 | D:4      | Found a runed translucent door.
  4470 | D:4      | Noticed Tollund's ghost (weakling FeSh)
  4519 | D:4      | Found a runed translucent door.
  4847 | D:5      | Entered Level 5 of the Dungeon
  5221 | D:5      | Noticed Grinder
  5337 | D:5      | Slain by an orc warrior

Illustrated notes

Levels and vault maps discovered:
D:1:      lightli_molten_gateway, layout_basic, minmay_pentomino_p4
D:2:      layout_loops_ring, kennysheep_generic_room_8, uniq_sigmund
D:3:      layout_loops_corners, mainiacjoe_overflow_24_doors,
          gammafunk_ghost_stat_death, uniq_jessica, uniq_natasha
D:4:      layout_layer_cave, nicolae_ossuary_entry_ruins, ebering_ghost_sewer_f
D:5:      layout_basic, uniq_grinder
D:6:      layout_rooms, minmay_temple_entry_butterflies, minmay_statues_item,
          uniq_blork_the_orc

Skill      XL: |  1  2  3  4  5  6  7 |
---------------+----------------------+-----
Necromancy     | 6 7 8 |  8.4
Dodging        | 3 |  3.8
Stealth        | |  1.7
Spellcasting   | |  2.6

Action                     |  1- 3 |  4- 6 |  7- 9 || total
---------------------------+-------+-------+-------++-------
  Melee: Unarmed           |    30 |       |       ||    30
         Dagger            |     8 |   154 |    83 ||   245
         War axe           |     5 |       |       ||     5
         Punch             |       |     4 |       ||     4
   Cast: Necrotise         |    61 |    83 |    53 ||   197
         Vampiric Draining |       |       |     1 ||     1
    Use: Scroll            |       |     5 |     3 ||     8
   Stab: Sleeping          |     1 |       |     1 ||     2
 Armour: Robe              |    14 |    43 |    24 ||    81
  Dodge: Dodged            |    58 |    91 |    60 ||   209

Table legend: (Time is in decaauts)
 A = Elapsed time spent in this place.
 B = Non-inter-level travel time spent in this place.
 C = Inter-level travel time spent in this place.
 D = Time resting spent in this place.
 E = Time spent auto-exploring this place.
 F = Levels seen in this place.
 G = Mean time per level.
                   A        B        C        D        E       F      G
               +--------+--------+--------+--------+--------+-----+--------+
         Total |   5336 |   5144 |    192 |    166 |   3910 |   7 |  762.3 |
       Dungeon |   4699 |   4507 |    192 |     66 |   3744 |   6 |  783.2 |
       Ossuary |    637 |    637 |      0 |    100 |    166 |   1 |  637.0 |
               +--------+--------+--------+--------+--------+-----+--------+

Top non-repeatable levels by time:
     D:1: 1314 daAuts
     D:3: 1251 daAuts
     D:2: 953 daAuts
     D:4: 723 daAuts
 Ossuary: 637 daAuts
     D:5: 414 daAuts
     D:6: 42 daAuts
